 Dungeon Crawl Stone Soup version 0.18.1-48-g4cf74bf (webtiles) character file.

248 Wotyn the Covered (level 6, 0/38 HPs)
             Began as a Gargoyle Fighter on July 29, 2016.
             Slain by an ogre
             ... wielding a +0 giant club
              (16 damage)
             ... on level 4 of the Dungeon.
             The game lasted 00:11:38 (2160 turns).

Wotyn the Covered (Gargoyle Fighter)                Turns: 2160, Time: 00:11:39

Health: 0/38       AC: 13    Str: 26    XL:     6   Next: 12%
Magic:  6/6        EV:  8    Int: 10    God:
Gold:   230        SH:  9    Dex: 10    Spells: 0 memorised, 5 levels left

rFire  . . .     SeeInvis .     o - +0 whip (elec)
rCold  + . .     Gourm    .     b - +0 scale mail
rNeg   + . .     Faith    .     c - +0 shield
rPois  ∞         Spirit   .     (no helmet)
rElec  +         Dismiss  .     (no cloak)
rCorr  .         Reflect  .     (no gloves)
SustAt .         Harm     .     k - +0 pair of boots
MR     .....                    n - amulet of regeneration
Stlth  ..........               r - ring of protection from cold
                                g - +1 ring of protection

@: mighty, not resistant to hostile enchantments, extremely unstealthy
A: clever 1, negative energy resistance 1, electricity resistance, unbreathing,
petrification resistance, rot immunity, AC +4
a: no special abilities


You were on level 4 of the Dungeon.
You were not hungry.

You visited 1 branch of the dungeon, and saw 4 of its levels.

You collected 230 gold pieces.

Inventory:

Hand Weapons
 a - a +0 flail
 o - a +0 whip of electrocution (weapon)
Missiles
 e - 13 poisoned needles
 l - 2 needles of frenzy
Armour
 b - a +0 scale mail (worn)
 c - a +0 shield (worn)
 k - a +0 pair of boots (worn)
Jewellery
 g - a +1 ring of protection (left hand)
 n - an amulet of regeneration (around neck)
 r - a ring of protection from cold (right hand)
Scrolls
 i - 5 scrolls of identify
 s - a scroll of remove curse
 v - a scroll of immolation {unknown}
Potions
 d - a potion of might
 j - a potion of cancellation
 m - 3 potions of curing
 q - a potion of invisibility
 t - 2 potions of flight
 u - a potion of experience {unknown}
Comestibles
 f - 3 bread rations
 h - 3 fruits
 p - 3 meat rations


   Skills:
 + Level 4.2 Fighting
 * Level 3.8 Maces & Flails
 * Level 4.4 Armour
 + Level 2.2 Dodging
 - Level 0.2 Stealth
 - Level 3.2 Shields


You had 5 spell levels left.
You didn't know any spells.

Dungeon Overview and Level Annotations

Branches:
Dungeon (4/15)
 Temple: D:4-7

Altars:
Ashenzari
Cheibriados
Nemelex Xobeh


Innate Abilities, Weirdness & Mutations

You are resistant to torment.
Your stone body is resilient (AC +4).
You are immune to poison.
You resist negative energy.
You are resistant to electric shocks.
You can survive without breathing.
You are immune to petrification.
You are immune to rotting.
Your mind is acute. (Int +2)


Message History

Your shield prevents you from hitting the worker ant.
The worker ant is lightly wounded.
The worker ant bites you but does no damage.
You hit the worker ant.
There is a sudden explosion of sparks!
You kill the worker ant!
An ogre comes into view. It is wielding a giant club.
The ogre shouts!
You block the ogre's attack.
You hit the ogre but do no damage. The ogre barely misses you.
You hit the ogre but do no damage.
Your shield prevents you from hitting the ogre.
The ogre hits you with a giant club!!
Ouch! That really hurt!
You hit the ogre.
The ogre is lightly wounded.
You block the ogre's attack.
Drink which item? (? for menu, Esc to quit)
You feel very mighty all of a sudden. The ogre hits you with a giant club!
You die...

.....§§§.##....#
..§§§..#...##
.oo§§.......###
.#####........#
#........#
#........#
#........#
###...........
#..@O......##.
#.....>....# .
###..........
#.........#
#.........#
#.........
#.........
#.........


You could see an ogre.

Vanquished Creatures
  A hound (D:4)
  An iguana (D:3)
  A worker ant (D:4)
  A hound skeleton (D:4)
  3 gnolls (D:3)
  6 adders
  3 worms
  A giant gecko (D:1)
  An orc (D:3)
  A ball python (D:2)
  3 giant cockroaches
  11 goblins
  6 hobgoblins
  8 jackals
  3 kobolds (D:1)
  2 quokkas
  5 bats
  4 giant newts
  3 rats
64 creatures vanquished.

Vanquished Creatures (others)
  2 orcs (D:4)
2 creatures vanquished.

Grand Total: 66 creatures vanquished

Notes
Turn   | Place    | Note
--------------------------------------------------------------
     0 | D:1      | Wotyn the Gargoyle Fighter began the quest for the Orb.
     0 | D:1      | Reached XP level 1. HP: 14/14 MP: 1/1
   151 | D:1      | Reached XP level 2. HP: 19/19 MP: 2/2
   528 | D:2      | Reached XP level 3. HP: 21/23 MP: 3/3
   885 | D:2      | Found a sparkling altar of Nemelex Xobeh.
   938 | D:2      | Reached skill level 1 in Dodging
   970 | D:2      | Gained mutation: Your mind is acute. (Int +2) [potion of beneficial mutation]
  1166 | D:2      | Reached XP level 4. HP: 29/29 MP: 4/4
  1614 | D:3      | Reached XP level 5. HP: 33/33 MP: 5/5
  1616 | D:3      | Found a shattered altar of Ashenzari.
  2005 | D:4      | Found a snail-covered altar of Cheibriados.
  2095 | D:4      | Reached XP level 6. HP: 38/38 MP: 6/6
  2160 | D:4      | Slain by an ogre

Skill      XL: |  1  2  3  4  5 |
---------------+----------------+-----
Dodging        | 1 2 |  2.2
Fighting       | 4 |  4.2
Maces & Flails | 3 |  3.8
Armour         | 4 |  4.4
Stealth        | |  0.2
Shields        | |  3.2

Action                   |  1- 3 |  4- 6 || total
-------------------------+-------+-------++-------
Melee: Flail             |   147 |    59 ||   206
       Whip              |       |    73 ||    73
  Use: Scroll            |     7 |     1 ||     8
       Potion            |     6 |     2 ||     8
  Eat: Bread ration      |     1 |       ||     1
       Chunk             |       |     1 ||     1
Armor: Scale mail        |    73 |    78 ||   151
Dodge: Dodged            |    43 |    57 ||   100
Block: Shield            |    87 |    62 ||   149
